Map: Ley Lines

Players

Vaisravana - Winner!

  • Race: Protoss Protoss
  • Spawn Location: 1:00

kitune

  • Race: Zerg Zerg
  • Spawn Location: 7:00

VOD

Have the link to the VOD?

Description

Time

  • Played on: May 30, 2025, 10:08 p.m.
  • Length: 9:23
Show
View Real Time Build Order
Export as new Build Order

Vaisravana Protoss - Winner!

Build Orders: 1 Gate Expand, Blink Stalkers, Zealot Archon 

Get SALT Encoding   

  12  0:00  Probe  
  13  0:12  Probe  
  14  0:18  Pylon  
  14  0:24  Probe  
  15  0:34  Probe  
  15  0:39  Gateway  
  15  0:42  Probe  
  16  0:47  Assimilator  
  17  0:51  Probe  
  18  1:03  Probe  
  19  1:16  Probe  
  20  1:26  Cybernetics Core  
  20  1:34  Nexus  
  20  1:36  Probe  
  21  1:43  Pylon  
  21  1:49  Probe  
  21  1:51  Assimilator  
  21  1:52  Adept  
  23  2:01  Probe  
  25  2:11  Stalker, Cybernetics Core  
  25  2:21  Probe  
  28  2:24  Warp Gate  
  28  2:33  Probe  
  28  2:36  Twilight Council  
  29  2:47  Probe x2  
  31  2:54  Sentry  
  33  2:59  Probe x2  
  33  3:02  Forge  
  33  3:03  Blink  
  35  3:11  Probe x2  
  37  3:23  Probe x2  
  39  3:29  Protoss Ground Weapons Level 1  
  39  3:30  Gateway  
  39  3:35  Probe x2  
  41  3:44  Assimilator  
  41  3:47  Pylon  
  41  3:48  Probe x2  
  43  3:49  Assimilator  
  43  4:00  Probe x2  
  45  4:10  Gateway  
  45  4:12  Probe x2, Gateway  
  47  4:20  Pylon  
  48  4:24  Probe x2  
  49  4:31  Stalker x2  
  49  4:36  Probe  
  49  4:37  Pylon  
  54  4:38  Probe  
  55  4:53  Pylon  
  55  4:54  Stalker x2  
  55  4:55  Nexus  
  59  5:03  Photon Cannon  
  59  5:07  Photon Cannon  
  59  5:10  Sentry  
  59  5:12  Probe x2  
  63  5:18  Charge  
  63  5:34  Probe  
  63  5:35  Probe  
  65  5:37  Shield Battery, Protoss Ground Weapons Level 2  
  65  5:38  Stalker x3  
  71  5:47  Templar Archives  
  71  5:48  Probe  
  71  5:49  Probe  
  73  5:55  Photon Cannon  
  73  6:02  Shield Battery, Pylon  
  74  6:04  Probe x2  
  74  6:06  Probe  
  74  6:10  Gateway  
  76  6:23  High Templar x2  
  80  6:26  Probe x3  
  80  6:28  Archon  
  80  6:32  Gateway x2  
  83  6:34  High Templar  
  83  6:38  Probe x3, Assimilator  
  88  6:41  Photon Cannon, Assimilator  
  88  6:43  Pylon  
  87  6:53  Probe x3  
  86  6:55  High Templar  
  86  6:58  High Templar  
  90  7:05  Probe x3, High Templar  
  90  7:06  Pylon  
  95  7:09  Archon  
  95  7:11  Archon  
  95  7:13  Shield Battery  
  95  7:17  Probe x3  
  95  7:19  Shield Battery  
  98  7:29  Photon Cannon  
  98  7:37  High Templar x4  
  98  7:40  Pylon  
  98  7:41  Gateway  
  98  7:42  Gateway  
  98  7:44  Archon x2  
  106  7:45  Zealot, Pylon x2  
  106  7:46  Zealot  
  106  7:50  Pylon  
  110  7:53  Robotics Facility  
  110  7:56  Probe  
  110  7:57  Probe x2  
  113  8:08  Nexus, Zealot  
  113  8:09  Pylon, Zealot x4  
  113  8:10  Zealot  
  125  8:21  Photon Cannon  
  124  8:30  High Templar x3  
  128  8:35  Archon  
  128  8:36  Zealot  
  128  8:37  Zealot x4  
  134  8:43  Probe x3  
  133  8:55  Probe x2  
  133  9:02  High Templar x3  
  139  9:13  Archon  
  135  9:22  Nexus  
Show
View Real Time Build Order
Export as new Build Order

kitune Zerg 

Build Orders: Pool First 

Get SALT Encoding   

  12  0:01  Drone  
  13  0:12  Overlord  
  13  0:17  Drone  
  14  0:31  Drone x2  
  16  0:41  Spawning Pool  
  15  0:44  Drone  
  15  0:48  Drone  
  17  1:07  Hatchery  
  17  1:10  Drone  
  17  1:13  Extractor  
  16  1:28  Zergling x2  
  16  1:29  Zergling x4  
  19  1:34  Queen  
  21  1:40  Drone  
  22  1:50  Overlord  
  22  2:10  Drone, Queen  
  25  2:17  Drone  
  26  2:26  Queen  
  26  2:29  Metabolic Boost  
  28  2:33  Drone  
  28  2:35  Drone  
  30  2:40  Drone  
  31  2:44  Drone  
  32  2:55  Lair  
  32  2:56  Overlord  
  32  3:03  Drone x2  
  34  3:12  Drone x2  
  36  3:21  Drone x5  
  36  3:23  Extractor  
  36  3:25  Overlord  
  40  3:37  Drone  
  40  3:38  Drone x3  
  40  3:40  Overlord  
  44  4:00  Spire  
  43  4:05  Drone x4  
  47  4:11  Drone x3  
  47  4:12  Extractor  
  47  4:15  Extractor, Drone x3  
  51  4:19  Overlord  
  51  4:30  Drone x2  
  53  4:43  Spore Crawler, Overseer  
  53  4:45  Overlord  
  52  4:46  Zergling x2  
  52  4:47  Zergling x10  
  57  4:53  Drone  
  58  5:15  Mutalisk  
  58  5:16  Mutalisk x4  
  68  5:29  Overlord x2  
  68  5:33  Hatchery  
  67  5:48  Mutalisk x4  
  75  6:04  Drone  
  75  6:05  Drone x7  
  83  6:29  Hydralisk Den  
  82  6:33  Infestation Pit  
  79  6:54  Drone  
  79  6:55  Drone x10  
  79  6:57  Overlord x2  
  90  7:04  Grooved Spines  
  90  7:09  Extractor  
  90  7:10  Drone  
  90  7:12  Extractor  
  90  7:15  Overlord x4  
  89  7:29  Hydralisk x4  
  97  7:37  Hive  
  97  7:41  Hydralisk  
  97  7:42  Hydralisk x9  
  117  7:49  Overlord x2  
  117  7:54  Muscular Augments  
  117  8:02  Hydralisk x5  
  127  8:10  Hatchery  
  116  8:40  Hydralisk  
  116  8:41  Hydralisk x8  
  96  8:56  Hydralisk x2  
  96  8:57  Hydralisk x2  
Tags
 
Add a new tag
Caveats
  • Supply blocks, unpowered buildings, or Contaminate may cause inaccurate times.
  • Supply counts are checked every 10 seconds.